 Dungeon Crawl Stone Soup version 0.31-a0-889-g1a8549509d (webtiles) character file.

Game seed: 174922850968613267

58 gelatine the Ruffian (level 3, -2/35 HPs)
             Began as a Troll Gladiator on Oct 17, 2023.
             Slain by Ijyb
             ... wielding a +0 club
              (5 damage)
             ... on level 3 of the Dungeon.
             The game lasted 00:03:51 (1940 turns).

gelatine the Ruffian (Troll Gladiator)              Turns: 1940, Time: 00:03:51

Health: -2/35      AC: 12    Str: 24    XL:     3   Next: 75%
Magic:  2/2        EV: 10    Int:  4    God:
Gold:   76         SH:  0    Dex: 11    Spells: 2/2 levels left

rFire   x x          .
                       - Unarmed
rCold   x x .        (no shield)
rNeg    . . .        a - +0 robe
rPois   +            b - +0 hat
rElec   .            (no cloak)
rCorr   .            (gloves unavailable)
SInv    .            (boots unavailable)
Will    .....        k - amulet of Elemental Vulnerability {rPois rF-- rC-- AC+8}
Stlth   +            h - +4 ring of slaying
HPRegen 1.05/turn    (no ring)
MPRegen 0.08/turn

%: no passive effects
@: no status effects
A: large, unfitting armour, claws 3, regeneration 1, shaggy fur 1, tough skin 1
a: no special abilities


You were on level 3 of the Dungeon.
You visited 1 branch of the dungeon, and saw 3 of its levels.

You collected 76 gold pieces.

Inventory:

Missiles
 c - 3 throwing nets
 i - 4 curare-tipped darts
Armour
 a - a +0 robe (worn)
 b - a +0 hat (worn)
Jewellery
 h - a +4 ring of slaying (left claw)
 k - the amulet of Elemental Vulnerability (around neck) {rPois rF-- rC-- AC+8}
   (You found it on level 2 of the Dungeon)

   [amulet of nothing]

   AC+8:      It affects your AC (+8).
   rF--:      It makes you very vulnerable to fire.
   rC--:      It makes you very vulnerable to cold.
   rPois:     It protects you from poison
Scrolls
 e - 2 scrolls of enchant armour {unknown}
 f - 2 scrolls of blinking
 g - 2 scrolls of teleportation {unknown}
Potions
 j - a potion of curing


   Skills:
 * Level 1.8 Fighting
 + Level 2.0 Throwing
 * Level 2.9 Dodging
 * Level 0.2 Stealth
 * Level 3.8 Unarmed Combat


You had 2 spell levels left.
You didn't know any spells.
Your spell library was empty.

Dungeon Overview and Level Annotations

Branches:
Dungeon (3/15)

Altars:

Annotations:
D:3 Ijyb, Robin


Innate Abilities, Weirdness & Mutations

You are too large for most types of armour.
You have claws for hands.
Your natural rate of healing is unusually fast.
You are covered in fur. (AC +1)
You have tough skin. (AC +1)


Message History

The hobgoblin barely misses you. The hobgoblin hits you.
* * * LOW HITPOINT WARNING * * *
The goblin hits you with a +0 club.
* * * LOW HITPOINT WARNING * * *
Blink to where?
Press: ? - help, Dir - move target
As you read the scroll labelled ZEUZIY FOWA, it crumbles to dust.
It was a scroll of blinking.
Ijyb zaps a wand.
Your will is overpowered!
You are confused.
The goblin no longer looks unusually strong.
The goblin barely misses you.
You bump into the rock wall.
Ijyb grins evilly.
Ijyb zaps a wand.
You resist with significant effort. The goblin hits you but does no damage.
You bump into the rock wall.
The goblin hits you but does no damage.
The hobgoblin hits you but does no damage.
You closely miss the hobgoblin. The goblin closely misses you.
Robin throws Ijyb at you! The hobgoblin hits you.
* * * LOW HITPOINT WARNING * * *
The goblin attacks as it pursues you! The goblin hits you with a +0 club.
* * * LOW HITPOINT WARNING * * *
Ijyb zaps a wand.
You resist with significant effort.
You feel less confused.
The hobgoblin no longer looks unusually strong.
Robin roars a battlecry!
The goblins go into a battle-frenzy!
Ijyb hits you with a +0 club.
* * * LOW HITPOINT WARNING * * *
Ijyb hits you but does no damage. Ijyb attacks as she pursues you!
Ijyb hits you but does no damage.
A goblin comes into view. It is wielding a +0 dagger.
Ijyb screams, "Get away!"
The hobgoblin attacks as it pursues you!
The hobgoblin hits you.
* * * LOW HITPOINT WARNING * * *
The goblin shouts!
Ijyb attacks as she pursues you! Ijyb hits you with a +0 club.
You die...

#<##......
#............
#l....(.....#
#gg#........#
#gg#......... #g.#
######.# ####...# #.#
#
......########.#.##.#
####...glggg.g@.....#
......?.....gg...####
##############...#
#...# #..... #.g####
#... #..##


You could see Ijyb (strong), an iguana, Robin, 3 hobgoblins and 3 goblins.

Vanquished Creatures
  2 adders (D:2)
  2 dart slugs (D:1)
  3 bats
  6 endoplasms
  A giant cockroach (D:1)
  A goblin (D:1)
  3 hobgoblins
  2 jackals (D:1)
  A quokka (D:1)
  3 ball pythons
  A frilled lizard (D:2)
  3 kobolds (D:1)
  4 rats
32 creatures vanquished.

Notes
Turn   | Place    | Note
-------+----------+-------------------------------------------
     0 | D:1      | gelatine the Troll Gladiator began the quest for the Orb.
     0 | D:1      | Reached XP level 1. HP: 19/19 MP: 0/0
    66 | D:1      | Reached XP level 2. HP: 27/27 MP: 1/1
   570 | D:1      | Reached XP level 3. HP: 33/35 MP: 2/2
  1153 | D:2      | Found a faded altar of an unknown god.
  1855 | D:2      | Found the amulet of Elemental Vulnerability {rPois rF--
                  | rC-- AC+8}
  1902 | D:3      | Noticed Robin
  1904 | D:3      | Noticed Ijyb
  1936 | D:3      | HP: 1/35 [Ijyb/+0 club (6)]
  1940 | D:3      | Slain by Ijyb

Illustrated notes

Levels and vault maps discovered:
D:1:      psy_arrival_dodecagon, layout_loops_ring, chequers_big_river
D:2:      mumra_celtic_spiral_tile, layout_loops_corners,
          dilly_ecumenical_altar_fadedgnrine, serial_glass, glass_columns_b,
          glass_columns_a, feat_on_display, item_on_display_a,
          patterned_corridor
D:3:      layout_basic, old_standard_altar, hellmonk_ghost_happy_afterlife,
          nrook_mini_vaults, hangedman_feature_mirror, nicolae_goblin_pals,
          uniq_grinder, uniq_terence

Skill      XL: |  1  2  3 |
---------------+----------+-----
Throwing       | 2 |  2.0
Fighting       | |  1.8
Dodging        | |  2.9
Stealth        | |  0.2
Unarmed Combat | |  3.8

Action                     || total
---------------------------++-------
  Melee: Unarmed           ||    67
         Punch             ||     2
  Throw: Large rock        ||     1
    Use: Scroll            ||     1
         Potion            ||     1
   Stab: Sleeping          ||     1
 Armour: Robe              ||    52
         Skin              ||    26
  Dodge: Dodged            ||    60

Table legend: (Time is in decaauts)
 A = Elapsed time spent in this place.
 B = Non-inter-level travel time spent in this place.
 C = Inter-level travel time spent in this place.
 D = Time resting spent in this place.
 E = Time spent auto-exploring this place.
 F = Levels seen in this place.
 G = Mean time per level.
                   A        B        C        D        E       F      G
               +--------+--------+--------+--------+--------+-----+--------+
         Total |   1934 |   1863 |     71 |      0 |   1617 |   3 |  644.7 |
       Dungeon |   1934 |   1863 |     71 |      0 |   1617 |   3 |  644.7 |
               +--------+--------+--------+--------+--------+-----+--------+

Top non-repeatable levels by time:
     D:2: 1146 daAuts
     D:1: 750 daAuts
     D:3: 37 daAuts
